 Dungeon Crawl Stone Soup version 0.29-a0-243-g602b31c20e (webtiles) character file.

Game seed: 3085749200087026837

438 esteth the Spear-Bearer (level 7, -5/52 HPs)
             Began as a Gnoll Wanderer on Mar 4, 2022.
             Was a Believer of Ru.
             Killed from afar by a steam dragon (6 damage)
             ... with a ball of steam
             ... on level 4 of the Dungeon.
             The game lasted 00:09:42 (5845 turns).

esteth the Spear-Bearer (Gnoll Wanderer)            Turns: 5845, Time: 00:09:43

Health: -5/52      AC: 13    Str:  8    XL:     7   Next: 1%
Magic:  10/10      EV:  8    Int: 15    God:    Ru [**....]
Gold:   234        SH:  0    Dex: 19    Spells: 10/10 levels left

rFire   . . .      SeeInvis .   r - +2 hunting sling (vorpal)
rCold   . . .      Faith    .   (no shield)
rNeg    . . .      Spirit   .   v - +4 scale mail of Birupury {Dex+6}
rPois   .          Reflect  .   j - +0 helmet
rElec   .          Harm     .   (no cloak)
rCorr   .          Rampage  .   s - +1 pair of gloves
Will    .....                   (no boots)
Stlth   +.........              (no amulet)
HPRegen 0.17/turn               (no ring)
MPRegen 0.12/turn               (no ring)

@: no status effects
A: fangs 1, inability to use devices, strong nose, distributed training
a: Renounce Religion


You were on level 4 of the Dungeon.
You worshipped Ru.
Ru was pleased with you.
You visited 1 branch of the dungeon, and saw 4 of its levels.

You collected 234 gold pieces.


Innate Abilities, Weirdness & Mutations

You have very sharp teeth.
You cannot study or use magical devices.
Your uncanny sense of smell can sniff out nearby items.
Your experience applies equally to all skills.


   Skills:
 + Level 3.4 Fighting
 + Level 2.2 Short Blades
 + Level 5.1 Long Blades
 + Level 2.2 Axes
 + Level 2.2 Maces & Flails
 + Level 8.8 Polearms
 + Level 2.2 Staves
 + Level 2.2 Slings
 + Level 2.2 Bows
 + Level 2.2 Crossbows
 + Level 2.2 Throwing
 + Level 2.2 Armour
 + Level 2.2 Dodging
 + Level 3.2 Stealth
 + Level 2.2 Shields
 + Level 2.2 Unarmed Combat
 + Level 2.2 Spellcasting
 + Level 1.8 Conjurations
 + Level 1.8 Hexes
 + Level 1.8 Summonings
 + Level 1.8 Necromancy
 + Level 1.8 Translocations
 + Level 1.8 Transmutations
 + Level 1.8 Fire Magic
 + Level 1.8 Ice Magic
 + Level 1.8 Air Magic
 + Level 1.8 Earth Magic
 + Level 1.8 Poison Magic
 + Level 2.4 Invocations
   Level 0.0 Evocations


You had 10 spell levels left.
You didn't know any spells.
Your spell library contained the following spells:

 Spells                   Type           Power      Damage    Failure   Level
 Beastly Appendage        Tmut           14%        N/A       67%         1
 Wereblood                Tmut           7%         N/A       82%         2
 Spider Form              Tmut/Pois      7%         N/A       96%         3

Inventory:

Hand Weapons
 a - a +2 spear
 b - a +0 falchion
 r - a +2 vorpal hunting sling (weapon)
   (You found it on level 2 of the Dungeon)
 x - a +0 trident
   (You took it off an orc on level 4 of the Dungeon)
Missiles
 f - 4 javelins
 g - 9 poisoned darts
 o - 27 stones
 z - 3 boomerangs
Armour
 d - a +0 robe
 e - a +0 leather armour
   (You found it on level 1 of the Dungeon)
 j - a +0 helmet (worn)
   (You found it on level 1 of the Dungeon)
 k - a +0 ring mail
   (You found it on level 4 of the Dungeon)
 l - a +0 leather armour
   (You found it on level 1 of the Dungeon)
 q - a +0 robe
   (You took it off Sigmund on level 4 of the Dungeon)
 s - a +1 pair of gloves (worn)
   (You found it on level 2 of the Dungeon)
 v - the +4 scale mail of Birupury (worn) {Dex+6}
   (You found it on level 3 of the Dungeon)

   Dex:       It affects your dexterity (+6).
Magical Staves
 y - a staff of fire {!a}
   (You found it on level 4 of the Dungeon)
Wands
 p - a wand of flame (16)
   (You found it on level 2 of the Dungeon)
Scrolls
 h - 2 scrolls of enchant weapon
 i - a scroll of amnesia
 n - a scroll of noise {!r}
Potions
 m - 2 potions of haste {@q3}
 t - a potion of lignification {!q}
 u - a potion of attraction {unknown}
 w - a potion of flight {unknown}
Miscellaneous
 c - a piece from Xom's chessboard (15/15)

Dungeon Overview and Level Annotations

Branches:
Dungeon (4/15)
 Temple: D:4-7

Altars:
Hepliaklqana
Nemelex Xobeh
Ru

Annotations:
D:3 exclusion: downstairs
D:4 1 runed translucent door, p0werm0de's ghost, amateur MiFi

......#..# #...#.###.#.#.....#
##.#.###.###........<#)......#
.....# #..##...#.##.#####....###
..#### ##.##...#.##.....'....D.#
.....# #..#####.########....#.#
.###.# ##.# ###'#############.##
.....## #)# #.........# #...
......# #.###.........########..
......# #..##..@......##.D..##D.
......# ##.##..D......##.##.#...
......#####..#.........##§##....#
#####....###.#.........##§###..##
#.##.# #.###.########§###..#⌠
#.#..# #..##.# #§#....## #.#.##
##.##.# #.#.....# #.#.#####..#.#
#D#......
##.......##.#.########........


You could see a steam dragon (catching breath, corona).


Message History

There is an open door here.
A steam dragon is nearby!
Fire: r) +2 hunting sling (vorpal)
Press: ? - help, Shift-Dir - straight line, f - steam dragon
Aim: a steam dragon (wandering, hasn't noticed you, 63% to hit)
You shoot a sling bullet. The steam dragon hisses angrily.
The sling bullet hits the steam dragon.
The steam dragon breathes steam at you. The ball of steam misses you.
Fire: r) +2 hunting sling (vorpal)
Press: ? - help, Shift-Dir - straight line, f/p - steam dragon
Aim: a steam dragon (lightly wounded, catching its breath, 63% to hit)
You shoot a sling bullet.
The sling bullet closely misses the steam dragon.
Fire: r) +2 hunting sling (vorpal)
Press: ? - help, Shift-Dir - straight line, f/p - steam dragon
Aim: a steam dragon (lightly wounded, catching its breath, 63% to hit)
You shoot a sling bullet.
The sling bullet closely misses the steam dragon.
The steam dragon breathes steam at you. The ball of steam misses you.
You are engulfed in a cloud of scalding steam. 😕 HP[-5]
You take 5 damage, and now have 47/52 hp.
You are engulfed in a cloud of scalding steam. 😕 HP[-4]
You take 4 damage, and now have 43/52 hp. 😕 HP[+1] Fire: r) +2 hunting sling (vorpal)
Press: ? - help, Shift-Dir - straight line, f/p - steam dragon
Aim: a steam dragon (lightly wounded, 63% to hit)
You shoot a sling bullet. The sling bullet hits the steam dragon.
Fire: r) +2 hunting sling (vorpal)
Press: ? - help, Shift-Dir - straight line, f/p - steam dragon
Aim: a steam dragon (lightly wounded, 63% to hit)
You shoot a sling bullet. The sling bullet hits the steam dragon.
The steam dragon breathes steam at you. The ball of steam misses you.
The steam dragon breathes steam at you. The ball of steam hits you!
You focus your inner power and illuminate the steam dragon in retribution! 😮 HP[-11]
You take 11 damage, and now have 33/52 hp.
MASSIVE DAMAGE!! (PAUSE)
You are engulfed in a cloud of scalding steam. 😮 HP[-5]
You take 5 damage, and now have 28/52 hp. 😮 HP[+1] Fire: r) +2 hunting sling (vorpal)
Press: ? - help, Shift-Dir - straight line, f/p - steam dragon
Aim: a steam dragon (steam, moderately wounded, softly glowing, 80% to hit)
You shoot a sling bullet.
The sling bullet barely misses the steam dragon.
You are engulfed in a cloud of scalding steam.
* * * LOW HITPOINT WARNING * * *
😨 HP[-14]
You take 14 damage, and now have 15/52 hp.
MASSIVE DAMAGE!! (PAUSE) Fire: r) +2 hunting sling (vorpal)
Press: ? - help, Shift-Dir - straight line, f/p - steam dragon
Aim: a steam dragon (moderately wounded, softly glowing, 80% to hit)
You shoot a sling bullet.
The sling bullet hits the steam dragon but does no damage.
The steam dragon breathes steam at you. The ball of steam hits you!
* * * LOW HITPOINT WARNING * * *
The steam dragon is stunned by your conviction and fails to attack. 😱 HP[-7]
You take 7 damage, and now have 8/52 hp. 😱 HP[+1] Fire: r) +2 hunting sling (vorpal)
Press: ? - help, Shift-Dir - straight line, f/p - steam dragon
Aim: a steam dragon (moderately wounded, catching its breath, softly glowing, 80% to hit)
You shoot a sling bullet. The sling bullet hits the steam dragon.
The steam dragon bites you but does no damage.
The steam dragon claws you.
* * * LOW HITPOINT WARNING * * *
😱 HP[-2]
You take 2 damage, and now have 7/52 hp.
Fire: r) +2 hunting sling (vorpal)
Press: ? - help, Shift-Dir - straight line, f/p - steam dragon
Aim: a steam dragon (moderately wounded, softly glowing, 80% to hit)
You shoot a sling bullet. The sling bullet hits the steam dragon.
The steam dragon barely misses you. x2
The steam dragon bites you but does no damage.
The steam dragon claws you.
* * * LOW HITPOINT WARNING * * *
😱 HP[-2]
You take 2 damage, and now have 5/52 hp.
Fire: r) +2 hunting sling (vorpal)
Press: ? - help, Shift-Dir - straight line, f/p - steam dragon
Aim: a steam dragon (heavily wounded, softly glowing, 80% to hit)
You shoot a sling bullet. The sling bullet hits the steam dragon!
The steam dragon bites you.
* * * LOW HITPOINT WARNING * * *
The steam dragon claws you but does no damage.
The steam dragon breathes steam at you. The ball of steam hits you.
You die...

Skill      XL: |  1  2  3  4  5 |
---------------+----------------+-----
Invocations    | 1 2 |  2.4
Short Blades   | 1 2 |  2.2
Axes           | 1 2 |  2.2
Maces & Flails | 1 2 |  2.2
Staves         | 1 2 |  2.2
Slings         | 1 2 |  2.2
Bows           | 1 2 |  2.2
Crossbows      | 1 2 |  2.2
Throwing       | 1 2 |  2.2
Armour         | 1 2 |  2.2
Dodging        | 1 2 |  2.2
Shields        | 1 2 |  2.2
Unarmed Combat | 1 2 |  2.2
Spellcasting   | 1 2 |  2.2
Conjurations   | 1 |  1.8
Hexes          | 1 |  1.8
Summonings     | 1 |  1.8
Necromancy     | 1 |  1.8
Translocations | 1 |  1.8
Transmutations | 1 |  1.8
Fire Magic     | 1 |  1.8
Ice Magic      | 1 |  1.8
Air Magic      | 1 |  1.8
Earth Magic    | 1 |  1.8
Poison Magic   | 1 |  1.8
Fighting       | 3 |  3.4
Evocations     | 0 |  0.0
Long Blades    | 5 |  5.1
Stealth        | 3 |  3.2
Polearms       | |  8.8

Action                   |  1- 3 |  4- 6 |  7- 9 || total
-------------------------+-------+-------+-------++-------
Melee: Spear             |    87 |       |       ||    87
       Bite              |     3 |       |       ||     3
 Fire: Hunting sling     |     6 |   120 |    22 ||   148
Invok: Sacrifice Artific |       |     1 |       ||     1
  Use: Scroll            |       |     4 |     3 ||     7
       Potion            |       |     1 |     3 ||     4
 Stab: Sleeping          |     8 |       |       ||     8
       Distracted        |     1 |       |       ||     1
Armor: Leather armour    |     9 |     4 |       ||    13
       Skin              |       |     3 |       ||     3
       Scale mail        |       |    39 |    13 ||    52
Dodge: Dodged            |    23 |    52 |    10 ||    85

Levels and vault maps discovered:
D:1:      beargit_arrival_greenhouse, layout_loops_cross
D:2:      layout_rooms, basic_altar, grunt_decor_resistance,
          chequers_serial_rivers_micro_e
D:3:      layout_loops_ring, mainiacjoe_overflow_tiny_flanked,
          nicolae_ru_awakened_eye, serial_co_window_serial, co_window_paths_a,
          co_window_paths_b, co_window_corner_a, co_window_paths_a,
          co_window_paths_b, co_window_paths_a, co_window_paths_b,
          co_window_paths_c, co_window_corner_b, co_window_2corner,
          co_window_corner_b, co_window_4corner_a, co_window_paths_e,
          glass_columns_a, glass_columns_a, glass_columns_c, glass_columns_a,
          glass_columns_c, fountainhead, glass_columns_b
D:4:      layout_basic, hellmonk_ghost_happy_afterlife, uniq_sigmund

Notes
Turn   | Place    | Note
-------+----------+-------------------------------------------
     0 | D:1      | esteth the Gnoll Wanderer began the quest for the Orb.
     0 | D:1      | esteth set off with the following items: a +2 spear, a +0
                  | falchion, a piece from Xom's chessboard (15/15), a +0 robe
     0 | D:1      | Reached XP level 1. HP: 17/17 MP: 1/1
     0 | D:1      | magus.rc [v1.11.3]
   342 | D:1      | Reached XP level 2. HP: 23/23 MP: 2/2
   823 | D:2      | Found a sparkling altar of Nemelex Xobeh.
   843 | D:2      | Reached XP level 3. HP: 10/28 MP: 3/3
   844 | D:2      | HP: 7/28 [adder (1)]
   847 | D:2      | HP: 3/28 [poisoned by an adder]
   849 | D:2      | HP: 1/28 [poisoned by an adder]
  1451 | D:2      | Reached skill level 1 in Invocations
  1589 | D:2      | Reached skill level 1 in Short Blades
  1589 | D:2      | Reached skill level 1 in Axes
  1589 | D:2      | Reached skill level 1 in Maces & Flails
  1589 | D:2      | Reached skill level 1 in Staves
  1589 | D:2      | Reached skill level 1 in Slings
  1589 | D:2      | Reached skill level 1 in Bows
  1589 | D:2      | Reached skill level 1 in Crossbows
  1589 | D:2      | Reached skill level 1 in Throwing
  1589 | D:2      | Reached skill level 1 in Armour
  1589 | D:2      | Reached skill level 1 in Dodging
  1589 | D:2      | Reached skill level 1 in Shields
  1589 | D:2      | Reached skill level 1 in Unarmed Combat
  1589 | D:2      | Reached skill level 1 in Spellcasting
  1806 | D:2      | Reached XP level 4. HP: 34/34 MP: 5/5
  1853 | D:3      | Found a hazy altar of Hepliaklqana.
  2104 | D:3      | Found a sacrificial altar of Ru.
  2114 | D:3      | Became a worshipper of Ru the Awakened
  2362 | D:3      | Reached skill level 1 in Conjurations
  2362 | D:3      | Reached skill level 1 in Hexes
  2362 | D:3      | Reached skill level 1 in Summonings
  2362 | D:3      | Reached skill level 1 in Necromancy
  2362 | D:3      | Reached skill level 1 in Translocations
  2362 | D:3      | Reached skill level 1 in Transmutations
  2362 | D:3      | Reached skill level 1 in Fire Magic
  2362 | D:3      | Reached skill level 1 in Ice Magic
  2362 | D:3      | Reached skill level 1 in Air Magic
  2362 | D:3      | Reached skill level 1 in Earth Magic
  2362 | D:3      | Reached skill level 1 in Poison Magic
  2676 | D:3      | Identified the +4 scale mail of Birupury {Dex+6}
  2870 | D:3      | Reached XP level 5. HP: 34/40 MP: 5/7
  3031 | D:3      | Reached skill level 3 in Fighting
  3535 | D:4      | You pick up a book of Changes and begin reading...
  3535 | D:4      | You add the spells Beastly Appendage, Wereblood and Spider
                  | Form to your library.
  3896 | D:4      | Noticed p0werm0de's ghost (amateur MiFi)
  3897 | D:4      | Found a runed translucent door.
  3913 | D:4      | Gained mutation: You cannot study or use magical devices.
                  | [Ru sacrifice]
  3913 | D:4      | Reduced skill Evocations to level 0
  3913 | D:4      | Reached * piety under Ru
  3913 | D:4      | Reached ** piety under Ru
  4039 | D:4      | Noticed Sigmund
  4043 | D:4      | Noticed an ogre
  4244 | D:4      | Killed Sigmund
  4245 | D:4      | Reached skill level 2 in Short Blades
  4245 | D:4      | Reached skill level 5 in Long Blades
  4245 | D:4      | Reached skill level 2 in Axes
  4245 | D:4      | Reached skill level 2 in Maces & Flails
  4245 | D:4      | Reached skill level 2 in Staves
  4245 | D:4      | Reached skill level 2 in Slings
  4245 | D:4      | Reached skill level 2 in Bows
  4245 | D:4      | Reached skill level 2 in Crossbows
  4245 | D:4      | Reached skill level 2 in Throwing
  4245 | D:4      | Reached skill level 2 in Armour
  4245 | D:4      | Reached skill level 2 in Dodging
  4245 | D:4      | Reached skill level 3 in Stealth
  4245 | D:4      | Reached skill level 2 in Shields
  4245 | D:4      | Reached skill level 2 in Unarmed Combat
  4245 | D:4      | Reached skill level 2 in Spellcasting
  4245 | D:4      | Reached skill level 2 in Invocations
  4245 | D:4      | Reached XP level 6. HP: 47/47 MP: 7/9
  4389 | D:4      | Reached XP level 7. HP: 15/52 MP: 10/10
  4635 | D:4      | Noticed a steam dragon
  4654 | D:4      | HP: 1/52 [something/ball of steam (14)]
  5321 | D:4      | HP: 4/52 [steam dragon/ball of steam (16)]
  5325 | D:4      | HP: 1/52 [steam dragon (2)]
  5841 | D:4      | HP: 8/52 [steam dragon/ball of steam (7)]
  5845 | D:4      | HP: 1/52 [steam dragon (4)]
  5845 | D:4      | Killed from afar by a steam dragon

Vanquished Creatures
  Sigmund (D:4)
  An ogre (D:4)
  A jelly (D:3)
  8 adders
  3 gnolls (D:3)
  A dart slug (D:1)
  3 orcs
  9 ball pythons
  5 bats
  4 endoplasms
  4 giant cockroaches
  2 hobgoblins (D:2)
  4 quokkas
  3 frilled lizards
  11 goblins
  A kobold (D:2)
  3 rats
64 creatures vanquished.

Table legend:
 A = Non-vault XP
 B = Vault XP
 C = Vault XP percentage of total XP
 D = Non-vault monster count
 E = Vault monster count
 F = Vault count percentage of total count
                 A         B        C        D         E       F
            +---------+---------+-------+---------+---------+-------
      Total |     396 |     231 |  36.8 |      63 |       1 |   1.6
            +---------+---------+-------+---------+---------+-------
        D:1 |      17 |       0 |   0.0 |      10 |       0 |   0.0
        D:2 |      65 |       0 |   0.0 |      19 |       0 |   0.0
        D:3 |     148 |       0 |   0.0 |      19 |       0 |   0.0
        D:4 |     166 |     231 |  58.2 |      15 |       1 |   6.2
            +---------+---------+-------+---------+---------+-------

Illustrated notes

Table legend:
 A = Kills in this place as a percentage of kills in entire the game.
 B = Kills by you in this place as a percentage of kills by you in the entire game.
 C = Kills by friends in this place as a percentage of kills by friends in the entire game.
 D = Other kills in this place as a percentage of other kills in the entire game.
 E = Experience gained in this place as a percentage of experience gained in the entire game.
 F = Experience gained in this place divided by the number of levels of this place that you have seen.
                   A       B       C       D       E      F
               +-------+-------+-------+-------+-------+----------------------
         Total | 100.0 | 100.0 |   N/A |   N/A | 100.0 | 156.8
       Dungeon | 100.0 | 100.0 |   N/A |   N/A | 100.0 | 156.8
               +-------+-------+-------+-------+-------+----------------------

Table legend: (Time is in decaauts)
 A = Elapsed time spent in this place.
 B = Non-inter-level travel time spent in this place.
 C = Inter-level travel time spent in this place.
 D = Time resting spent in this place.
 E = Time spent auto-exploring this place.
 F = Levels seen in this place.
 G = Mean time per level.
                   A        B        C        D        E       F      G
               +--------+--------+--------+--------+--------+-----+--------+
         Total |   5881 |   5785 |     96 |    629 |   4261 |   4 | 1470.2 |
       Dungeon |   5881 |   5785 |     96 |    629 |   4261 |   4 | 1470.2 |
               +--------+--------+--------+--------+--------+-----+--------+

Top non-repeatable levels by time:
     D:3: 2102 daAuts
     D:4: 1951 daAuts
     D:2: 1100 daAuts
     D:1: 726 daAuts
